 Dungeon Crawl Stone Soup version 0.30-a0-177-g1cb5dbfd7a (webtiles) character file.

Game seed: 6939175314591654961

13 ytrimaz the Insei (level 2, 22/22 HPs)
             Began as a Demigod Transmuter on Oct 3, 2022.
             Quit the game on level 1 of the Dungeon.
             The game lasted 00:01:25 (223 turns).

ytrimaz the Insei (Demigod Transmuter)               Turns: 223, Time: 00:01:25

Health: 22/22      AC:  2    Str: 11    XL:     2   Next: 12%
Magic:  6/7        EV: 12    Int: 15    God:
Gold:   0          SH:  0    Dex: 14    Spells: 3/4 levels left

rFire   . . .      SeeInvis .      - Unarmed
rCold   . . .      Faith    .    (no shield)
rNeg    . . .      Spirit   .    a - +0 robe
rPois   .          Reflect  .    (helmet currently unavailable)
rElec   .          Harm     .    (no cloak)
rCorr   .          Rampage  .    (no gloves)
Will    .....                    (boots currently unavailable)
Stlth   +.........               (no amulet)
HPRegen 0.23/turn                (no ring)
MPRegen 0.10/turn                (no ring)

@: appendages (expiring)
A: horns 2, talons 2, high MP 1, forlorn, divine attributes
a: End Transformation


You were on level 1 of the Dungeon.
You had temporarily grown beastly horns and talons.
You visited 1 branch of the dungeon, and saw 1 of its levels.


Innate Abilities, Weirdness & Mutations

You have temporarily grown beastly horns and talons.
You have an increased reservoir of magic. (+10% MP)
You shall have no god before yourself.
Your divine heritage dramatically boosts your attributes as you level up.


   Skills:
 - Level 0.8 Fighting
 - Level 1.7 Dodging
 + Level 3.4 Unarmed Combat
 - Level 1.7 Spellcasting
 - Level 1.7 Transmutations


You had 3 spell levels left.
You knew the following spells:

 Your Spells              Type           Power      Damage    Failure   Level
a - Beastly Appendage     Tmut           12%        N/A       11%         1

Your spell library contained the following spells:

 Spells                   Type           Power      Damage    Failure   Level
 Wereblood                Tmut           6%         N/A       17%         2
 Spider Form              Tmut/Pois      3%         N/A       43%         3
 Ice Form                 Ice/Tmut       3%         N/A       85%         4

Inventory:

Armour
 a - a +0 robe (worn)
Potions
 b - a potion of lignification
 c - a potion of attraction {unknown}
 d - a potion of heal wounds {unknown}

Dungeon Overview and Level Annotations

Branches:
Dungeon (1/15) Zot: 5778

.!..#######....
................
................
................
###..............
#............b.....
#......#..[....#
#..........@...#
#.............##
#.............#
#..........#####...
#####....>..'.......
#...........#.......
#.....###.#.#....###
#.....###.#.#.......
#[....†##.#.....#..#


You could see a bat.


Message History

You miscast Beastly Appendage.
You are very lightly contaminated with residual magic.
Nothing appears to happen.
The giant cockroach barely misses you. 😕 MP[-1]
You lost 1 mp, and now have 3/5 mp.
You hit the giant cockroach but do no damage.
The giant cockroach closely misses you.
The giant cockroach barely misses you. 😕 HP[+1]
You hit the giant cockroach. The giant cockroach bites you. 😕 HP[-1]
You take 1 damage, and now have 12/15 hp.
You hit the giant cockroach.
You kill the giant cockroach!
You have reached level 2! 😕 HP[+6] MP[+1]
You now have 22 max hp (+7).
You regained 6 hp, and now have 18/22 hp.
A frilled lizard comes into view.
A frilled lizard is nearby!
Unknown command.
A frilled lizard is nearby!
A frilled lizard comes into view.
Found a leather armour.
Found a stone staircase leading down.
Your magical contamination has completely faded away.
Your transformation is almost over.
The frilled lizard hisses angrily. 😕 HP[+1] MP[+1]
A ball python comes into view.
You extend your transformation's duration.
The ball python hisses angrily.
The frilled lizard unfolds its giant frill. 😕 MP[-1]
You lost 1 mp, and now have 4/7 mp.
You hit the frilled lizard.
You kill the frilled lizard!
Unknown command.
The frilled lizard hisses angrily.
The ball python completely misses you. The ball python barely misses you.
You see here a frilled lizard corpse. 😕 HP[+1]
You closely miss the ball python. The ball python misses you.
The ball python closely misses you.
Unknown command.
The ball python closely misses you. x2
You closely miss the ball python. The ball python misses you.
The ball python completely misses you. The ball python bites you.
The ball python closely misses you. x2
The ball python completely misses you. 😕 HP[-2]
You take 2 damage, and now have 18/22 hp.
Unknown command.
The ball python closely misses you. The ball python grabs you.
The ball python constricts you. 😕 HP[-1]
You take 1 damage, and now have 17/22 hp.
You hit the ball python.
You kill the ball python!
The frilled lizard barely misses you. 😕 MP[+1]
You miss the frilled lizard.
Your headbutt misses the frilled lizard.
Your transformation is almost over.
The frilled lizard closely misses you.
You closely miss the frilled lizard. Your kick misses the frilled lizard.
You headbutt the frilled lizard.
You kill the frilled lizard!
No target in view! 😕 HP[+1] Unknown command.
Okay, then.
Your horns disappear.
Your talons disappear.
d - an emerald potion 😎 HP[+4] MP[+2]
Your hp is fully restored (22).
Your mp is fully restored (7).
You open the door.
There is an open door here.
A bat comes into view.
Unknown command.
A bat is nearby!
A bat is nearby!
The bat completely misses you. The bat misses you.
You closely miss the bat. The bat hits you but does no damage.
You grow a pair of large bovine horns.
Your feet morph into talons.
The bat barely misses you. 😎 MP[-1]
You lost 1 mp, and now have 6/7 mp.
The bat misses you.
Unknown command.
You barely miss the bat. The bat barely misses you.
You closely miss the bat. Your kick misses the bat.
The bat hits you but does no damage. The bat completely misses you.
You miss the bat. You claw the bat. The bat hits you.
Your transformation is almost over.
The bat barely misses you. The bat misses you.
A bat is nearby!
Are you sure you want to abandon this character and quit the game? (Confirm with "yes".)

Skill      XL: |  1 |
---------------+----+-----
Unarmed Combat | 3 |  3.4
Fighting       | |  0.8
Dodging        | |  1.7
Spellcasting   | |  1.7
Transmutations | |  1.7

Action                   || total
-------------------------++-------
Melee: Unarmed           ||    34
       Kick              ||     4
       Headbutt          ||     3
 Cast: Beastly Appendage ||     9
  Use: Scroll            ||     1
Armor: Robe              ||     6
Dodge: Dodged            ||    33

Levels and vault maps discovered:
D:1:      dpeg_arrival_simpleton_c, layout_basic,
          shapermc_ecumenical_altar_notcrosses, serial_shops,
          nicolae_shop_behind_doors

Notes
Turn   | Place    | Note
-------+----------+-------------------------------------------
     0 | D:1      | ytrimaz the Demigod Transmuter began the quest for the Orb.
     0 | D:1      | Reached XP level 1. HP: 15/15 MP: 5/5
     0 | D:1      | magus.rc [v1.9.6]
    45 | D:1      | Reached skill level 3 in Unarmed Combat
   162 | D:1      | Reached XP level 2. HP: 18/22 MP: 4/7
   223 | D:1      | Quit the game

Vanquished Creatures
  An endoplasm (D:1)
  A giant cockroach (D:1)
  3 goblins (D:1)
  2 kobolds (D:1)
  2 ball pythons (D:1)
  2 frilled lizards (D:1)
  A rat (D:1)
12 creatures vanquished.

Table legend:
 A = Non-vault XP
 B = Vault XP
 C = Vault XP percentage of total XP
 D = Non-vault monster count
 E = Vault monster count
 F = Vault count percentage of total count
                 A         B        C        D         E       F
            +---------+---------+-------+---------+---------+-------
      Total |      19 |       0 |   0.0 |      12 |       0 |   0.0
            +---------+---------+-------+---------+---------+-------
        D:1 |      19 |       0 |   0.0 |      12 |       0 |   0.0
            +---------+---------+-------+---------+---------+-------

Illustrated notes

Table legend:
 A = Kills in this place as a percentage of kills in entire the game.
 B = Kills by you in this place as a percentage of kills by you in the entire game.
 C = Kills by friends in this place as a percentage of kills by friends in the entire game.
 D = Other kills in this place as a percentage of other kills in the entire game.
 E = Experience gained in this place as a percentage of experience gained in the entire game.
 F = Experience gained in this place divided by the number of levels of this place that you have seen.
                   A       B       C       D       E      F
               +-------+-------+-------+-------+-------+----------------------
         Total | 100.0 | 100.0 |   N/A |   N/A | 100.0 |  19.0
       Dungeon | 100.0 | 100.0 |   N/A |   N/A | 100.0 |  19.0
               +-------+-------+-------+-------+-------+----------------------

Table legend: (Time is in decaauts)
 A = Elapsed time spent in this place.
 B = Non-inter-level travel time spent in this place.
 C = Inter-level travel time spent in this place.
 D = Time resting spent in this place.
 E = Time spent auto-exploring this place.
 F = Levels seen in this place.
 G = Mean time per level.
                   A        B        C        D        E       F      G
               +--------+--------+--------+--------+--------+-----+--------+
         Total |    221 |    221 |      0 |      0 |    131 |   1 |  221.0 |
       Dungeon |    221 |    221 |      0 |      0 |    131 |   1 |  221.0 |
               +--------+--------+--------+--------+--------+-----+--------+

Top non-repeatable levels by time:
     D:1: 221 daAuts
